 Dungeon Crawl Stone Soup version 0.31.0-10-gcf4a605ca0 (webtiles) character file.

Game seed: 7177945804389605244

2380 stipulation the Grappler (level 9, -4/70 HPs)
             Began as a Ghoul Monk on Jan 26, 2024.
             Was a Believer of Wu Jian.
             Slain by a red ugly thing (22 damage)
             ... on level 7 of the Dungeon.
             The game lasted 00:03:14 (5748 turns).

stipulation the Grappler (Ghoul Monk)               Turns: 5748, Time: 00:03:14

Health: -4/70      AC: 13    Str: 19    XL:     9   Next: 45%
Magic:  9/9        EV:  9    Int:  9    God:    Wu Jian [**....]
Gold:   473        SH:  0    Dex: 11    Spells: 8/8 levels left

rFire   . .          .
                       - Unarmed
rCold   + . .        c - orb {light}
rNeg    + + +        v - +0 chain mail
rPois   ∞            u - +1 helmet
rElec   .            n - +0 cloak
rCorr   .            (no gloves)
SInv    .            (no boots)
Will    .....        (no amulet)
Stlth   x              - ring of flight
HPRegen 0.00/turn    (no ring)
MPRegen 0.11/turn

%: no passive effects
@: flying, inhibited regen, glowing
A: claws 1, cold resistance 1, negative energy resistance 3, inhibited
regeneration, torment resistance 2, devour on kill
a: Renounce Religion, Wall Jump


You were on level 7 of the Dungeon.
You worshipped Wu Jian.
Wu Jian was pleased with you.
You visited 2 branches of the dungeon, and saw 8 of its levels.

You collected 473 gold pieces.

Inventory:

Armour
 a - a +0 robe
 c - an orb of light (worn)
 n - a +0 cloak (worn)
 u - a +1 helmet (worn)
 v - a +0 chain mail (worn)
Jewellery
 f - a +6 ring of intelligence
 x - a ring of flight (left claw)
 A - a ring of protection from cold
 E - an amulet of guardian spirit
Wands
 w - a wand of iceblast (9)
Scrolls
 d - 3 scrolls of enchant weapon
 e - 2 scrolls of immolation
 g - 2 scrolls of amnesia
 h - 3 scrolls of enchant armour {unknown}
 j - a scroll of teleportation {unknown}
 l - a scroll of fear {unknown}
 p - a scroll of poison {unknown}
 t - a scroll of noise {unknown}
 y - a scroll of blinking {unknown}
 B - a scroll of torment {unknown}
 C - a scroll of brand weapon {unknown}
 F - a scroll of vulnerability {unknown}
Potions
 b - a potion of ambrosia
 i - 2 potions of curing
 k - 3 potions of might
 m - 2 potions of haste
 o - a potion of degeneration {unknown}
 q - a potion of heal wounds {unknown}
 r - 2 potions of resistance
 s - 2 potions of berserk rage
 z - a potion of lignification {unknown}
 D - 2 potions of brilliance {unknown}


   Skills:
 - Level 3.2 Fighting
 - Level 6.0 Armour
 - Level 2.6 Dodging
 + Level 11.8 Unarmed Combat


You had 8 spell levels left.
You didn't know any spells.
Your spell library contained the following spells:

 Spells                   Type           Power      Damage    Failure   Level
 Necrotise                Necr           0%         1d4       96%         1
 Ensorcelled Hibernation  Hex/Ice        0%         N/A       99%         2
 Jinxbite                 Hex            0%         N/A       99%         2
 Passwall                 Erth           0%         N/A       100%        3
 Swiftness                Air            0%         N/A       100%        3
 Vampiric Draining        Necr           0%         2d6       100%        3
 Martyr's Knell           Necr/Summ      0%         N/A       100%        4
 Curse of Agony           Necr           0%         N/A       100%        5
 Yara's Violent Unravell  Hex/Alch       0%         3d3       100%        5
 Enfeeble                 Hex            0%         N/A       100%        7


Dungeon Overview and Level Annotations

Branches:
Dungeon (7/15)             Temple (1/1) D:6

Altars:
Ashenzari
Fedhas
Gozag
Makhleb
Nemelex Xobeh
Okawaru
Qazlal
Ru
Sif Muna
Trog
Uskayaw
Wu Jian
Xom
Yredelemnul

Annotations:
D:5 3 runed translucent doors, Esekla's ghost, amateur DrDe


Innate Abilities, Weirdness & Mutations

You are immune to poison.
You have sharp fingernails.
Your flesh is cold resistant. (rC+)
You are immune to negative energy. (rN+++)
You do not regenerate when monsters are visible.
You are immune to unholy pain and torment.
You thrive by killing the living.


Message History

You claw the red ugly thing!
The red ugly thing is moderately wounded.
The orc hits you but does no damage. The orc completely misses you.
You barely miss the red ugly thing.
The red ugly thing is moderately wounded.
The red ugly thing kicks you but does no damage.
The orc hits you but does no damage. The orc closely misses you.
You scratch the red ugly thing.
The red ugly thing is moderately wounded.
The red ugly thing closely misses you.
You claw the red ugly thing!
The red ugly thing is heavily wounded.
The orc hits you but does no damage. The orc closely misses you.
The red ugly thing kicks you but does no damage.
You claw the red ugly thing!
The red ugly thing is severely wounded.
The orc hits you but does no damage. The orc barely misses you.
The red ugly thing kicks you.
You are engulfed in flames!
You are too injured to fight recklessly!
You are too injured to fight recklessly!
There are monsters nearby!
There are monsters nearby!
You are too injured to fight recklessly!
You are too injured to fight recklessly!
You are too injured to fight recklessly!
You are too injured to fight recklessly!
You are too injured to fight recklessly!
There is an open door here.
You scratch the orc but do no damage. The orc hits you but does no damage.
You claw the orc!
You kill the orc!
The Council accepts your kill.
The orc priest calls down the wrath of Beogh upon you.
Beogh smites you!
As you read the scroll labelled ZOFOME XUFEMA, it crumbles to dust.
The creatures around you are filled with an inner flame!
It was a scroll of immolation.
The red ugly thing kicks you!
* * * LOW HITPOINT WARNING * * *
You are engulfed in flames!!
You die...

.##............. ..
..##<........... ...
..###[.###+###.. ##'#
..##..##.....##. #..#
#....##....)..## #..#
##..##..#.#.#..###..#
##.#..#######..#oo#
#.#..#.....#..#u#
#.'.#..)....#.@#.yJ9#}.
#.#..#.....#..#.##T3::)
#.#..#######..#..# o..#
..##..# #..###..# .##
.#..##... ...## #..# #
.###. #.....# #..# # #
##+## ##+


You could see a red ugly thing (inner flame), an orc priest (inner flame) and an
orc (inner flame).

Vanquished Creatures
  Pikel (D:5)
  Sigmund (D:3)
  A fire bat (D:5)
  A steam dragon (D:6)
  Duvessa (D:7)
  An orc warrior (D:6)
  2 centaurs
  An ogre (D:5)
  A lemure (D:5)
  A bullfrog (D:7)
  3 scorpions (D:5)
  Dowan (D:7)
  A howler monkey (D:6)
  4 bombardier beetles
  2 hounds
  4 orc priests
  2 iguanas
  9 orc wizards
  4 gnolls (D:3)
  2 adders
  2 ufetubi (D:5)
  7 ribbon worms
  15 orcs
  7 ball pythons
  6 endoplasms
  2 giant cockroaches
  6 hobgoblins
  9 jackals
  11 kobolds
  3 quokkas
  A bat (D:1)
  11 goblins
  3 rats
126 creatures vanquished.

Notes
Turn   | Place    | Note
-------+----------+-------------------------------------------
     0 | D:1      | stipulation the Ghoul Monk began the quest for the Orb.
     0 | D:1      | Reached XP level 1. HP: 19/19 MP: 1/1
    81 | D:1      | Reached XP level 2. HP: 21/26 MP: 2/2
   143 | D:1      | Reached skill level 4 in Unarmed Combat
   842 | D:2      | Found a faded altar of an unknown god.
  1001 | D:2      | Reached XP level 3. HP: 11/31 MP: 3/3
  1001 | D:2      | Found a burning altar of Makhleb.
  1216 | D:3      | Reached skill level 5 in Unarmed Combat
  1216 | D:3      | Reached XP level 4. HP: 25/38 MP: 4/4
  1374 | D:3      | Noticed Sigmund
  1390 | D:3      | Killed Sigmund
  1391 | D:3      | Reached skill level 7 in Unarmed Combat
  1391 | D:3      | Reached XP level 5. HP: 16/45 MP: 5/5
  1391 | D:3      | Reached XP level 6. HP: 18/51 MP: 6/6
  2343 | D:4      | Reached skill level 8 in Unarmed Combat
  2377 | D:4      | Reached XP level 7. HP: 51/57 MP: 7/7
  2581 | D:4      | Reached skill level 1 in Armour
  3244 | D:5      | Entered Level 5 of the Dungeon
  3258 | D:5      | Found a runed translucent gate.
  3258 | D:5      | Found a runed translucent gate.
  3258 | D:5      | Found a runed translucent gate.
  3586 | D:5      | Reached skill level 9 in Unarmed Combat
  3967 | D:5      | Reached XP level 8. HP: 63/63 MP: 8/8
  3987 | D:5      | Noticed Esekla's ghost (amateur DrDe)
  4204 | D:5      | Found a shimmering altar of Xom.
  4204 | D:5      | Noticed Pikel
  4221 | D:5      | Killed Pikel
  4222 | D:5      | Reached skill level 10 in Unarmed Combat
  4253 | D:5      | Reached skill level 5 in Armour
  4437 | D:5      | Reached XP level 9. HP: 66/70 MP: 9/9
  4674 | D:6      | Found a burning altar of Makhleb.
  5067 | D:6      | Reached skill level 11 in Unarmed Combat
  5117 | D:6      | Found a staircase to the Ecumenical Temple.
  5130 | Temple   | Entered the Ecumenical Temple
  5141 | Temple   | Became a worshipper of the Wu Jian Council
  5141 | Temple   | Reached * piety under Wu Jian
  5141 | Temple   | Reached ** piety under Wu Jian
  5458 | D:7      | Noticed Dowan
  5459 | D:7      | Noticed Duvessa
  5463 | D:7      | Killed Dowan
  5469 | D:7      | Killed Duvessa
  5654 | D:7      | Found a sparkling altar of Nemelex Xobeh.
  5732 | D:7      | Noticed a red ugly thing
  5732 | D:7      | Noticed a kobold demonologist
  5732 | D:7      | Noticed a troll
  5732 | D:7      | Noticed a gargoyle
  5737 | D:7      | Noticed a troll
  5738 | D:7      | Noticed a smoke demon
  5739 | D:7      | Noticed a manticore
  5748 | D:7      | Slain by a red ugly thing

Illustrated notes

Levels and vault maps discovered:
D:1:      dpeg_arrival_round_a, layout_loops_ring,
          ebering_dispersal_statue_hall, supply_closet_lemuel
D:2:      minmay_evil_eye, layout_rooms, basic_altar,
          nicolae_ecumenical_pavilion, minmay_misc_feat_plants
D:3:      layout_loops_ring, minmay_puff, uniq_sigmund
D:4:      minmay_chambers_of_twos, layout_basic
D:5:      layout_basic, regret_index_xom_of_box, cheibrodos_sewer_entry_bend,
          gammafunk_ghost_necromancy, guppyfry_early_orc_mine, uniq_pikel
D:6:      layout_basic, mainiacjoe_overflow_alcove_2, minmay_temple_entry_fiery
D:7:      minmay_the_grid_octo_2x2 [minmay_the_grid_octo_chip,
          minmay_the_grid_octo_shrine, minmay_the_grid_octo_thin_diamonds,
          minmay_the_grid_octo_prize_star], layout_cave_pods, zin_angel,
          kennysheep_mini_moat, uniq_duvessa
Temple:   hc_temple_tempest_star

Skill      XL: |  1  2  3  4  5  6  7  8  9 |
---------------+----------------------------+-----
Unarmed Combat | 4 5 7 8 9 10 11 | 11.8
Armour         | 3 5 6 |  6.0
Fighting       | |  3.2
Dodging        | |  2.6

Action                     |  1- 3 |  4- 6 |  7- 9 || total
---------------------------+-------+-------+-------++-------
  Melee: Unarmed           |    71 |    71 |   241 ||   383
Ability: Lunge             |       |       |     2 ||     2
         Whirlwind         |       |       |     1 ||     1
    Use: Scroll            |       |       |     8 ||     8
 Armour: Robe              |    37 |    41 |       ||    78
         Chain mail        |       |       |   199 ||   199
  Dodge: Dodged            |    39 |    31 |    88 ||   158
